Map: Central Protocol

Players

SticklerMac - Winner!

  • Race: Zerg Zerg
  • League: Platinum

EMP

  • Race: Terran Terran
  • League: Gold

VOD

Have the link to the VOD?

Description

Time

  • Played on: Nov. 14, 2015, 9:03 p.m.
  • Length: 7:03
Show
View Real Time Build Order
Export as new Build Order

SticklerMac Zerg - Winner!

Build Orders: Hatch First, Zergling Baneling 

Get SALT Encoding   

  12  0:01  Drone  
  13  0:12  Overlord  
  13  0:17  Drone  
  14  0:31  Drone x2  
  16  0:36  Drone  
  17  0:56  Hatchery  
  16  0:59  Drone  
  16  1:01  Drone  
  16  1:04  Extractor  
  17  1:19  Spawning Pool  
  17  1:23  Drone  
  17  1:27  Drone  
  17  1:30  Drone  
  19  1:40  Drone  
  20  1:51  Overlord  
  20  2:05  Metabolic Boost  
  20  2:07  Queen  
  22  2:17  Queen  
  22  2:20  Zergling x4  
  26  2:32  Drone x4  
  26  2:35  Drone  
  31  2:44  Baneling Nest  
  30  2:45  Drone  
  30  3:00  Extractor  
  30  3:05  Zergling x6  
  31  3:06  Zergling x4  
  34  3:15  Zergling x2  
  34  3:17  Overlord  
  35  3:26  Overlord x2  
  35  3:27  Zergling x2  
  35  3:47  Zergling x6  
  35  3:48  Zergling x4  
  38  3:52  Zergling x8  
  41  4:01  Zergling x6  
  41  4:02  Zergling x2  
  45  4:14  Baneling  
  45  4:15  Baneling x6  
  45  4:16  Baneling  
  45  4:21  Baneling x3  
  45  4:22  Baneling  
  41  4:39  Zergling x12  
  45  4:51  Zergling x4  
  41  5:01  Zergling x4  
  41  5:03  Baneling x2  
  41  5:04  Baneling x3  
  43  5:14  Zergling x4  
  44  5:27  Zergling x4  
  43  5:43  Zergling x12  
  49  5:51  Drone, Zergling x2  
  49  6:05  Zergling x12  
  49  6:06  Zergling x2  
  49  6:10  Baneling x3  
  56  6:17  Baneling  
  56  6:19  Zergling x6  
  50  6:44  Zergling x10  
Show
View Real Time Build Order
Export as new Build Order

EMP Terran 

Build Orders: Reaper Expand 

Get SALT Encoding   

  12  0:01  SCV  
  13  0:13  SCV  
  14  0:18  Supply Depot  
  14  0:25  SCV  
  15  0:40  SCV  
  15  0:42  Barracks  
  16  0:50  Refinery  
  16  0:52  SCV  
  17  1:04  SCV  
  18  1:16  SCV  
  19  1:28  Command Center  
  19  1:32  Reaper  
  20  1:41  Orbital Command  
  20  1:49  Supply Depot  
  20  2:05  Barracks Reactor  
  21  2:08  SCV  
  21  2:12  Refinery  
  21  2:20  SCV  
  22  2:31  Factory  
  22  2:32  SCV  
  23  2:40  Orbital Command  
  23  2:41  Marine  
  23  2:43  Bunker, Marine  
  25  3:04  SCV  
  25  3:07  Marine x2  
  27  3:16  SCV  
  27  3:17  Supply Depot  
  28  3:20  Starport  
  28  3:24  Barracks  
  28  3:25  SCV  
  29  3:28  SCV  
  30  3:37  SCV  
  30  3:39  Barracks Tech Lab  
  26  3:57  Hellion  
  26  3:58  Hellion, Medivac  
  26  4:00  Stimpack  
  30  4:06  Marauder  
  32  4:19  Hellion  
  32  4:22  Bunker  
  34  4:26  Marine  
  34  4:36  Bunker  
  34  4:39  Orbital Command  
  34  4:40  Liberator  
  34  4:55  Factory  
  37  5:12  SCV  
  38  5:19  Supply Depot  
  38  5:20  Barracks Reactor  
  38  5:21  Supply Depot  
  35  5:39  Hellion  
  35  5:40  Hellion  
  32  6:01  Hellion x2  
  32  6:02  Medivac  
  32  6:03  Marine x2  
  40  6:05  Marauder  
  42  6:22  Hellion  
  42  6:23  Marine x2  
  46  6:26  Marauder  
Tags
 
Add a new tag
Caveats
  • Supply blocks, unpowered buildings, or Contaminate may cause inaccurate times.
  • Supply counts are checked every 10 seconds.